 Dungeon Crawl Stone Soup version 0.28-a0-261-gc0b50483a2 (webtiles) character file.

Game seed: 16847137620956005164

7951 Malachi the Basher (level 11, -1/95 HPs)
             Began as a Ghoul Monk on Aug 27, 2021.
             Was a Follower of Ru.
             Shot with an arrow by a centaur (5 damage)
             ... on level 8 of the Dungeon.
             The game lasted 00:18:53 (13463 turns).

Malachi the Basher (Ghoul Monk)                    Turns: 13463, Time: 00:18:53

Health: -1/95      AC: 12    Str: 19      XL:     11   Next: 23%
Magic:  10/10      EV:  9    Int:  2 (5)  God:    Ru [*.....]
Gold:   539        SH:  0    Dex:  8 (9)  Spells: 10/10 levels left

rFire   + . .      SeeInvis .   y - +3 dire flail (vorpal)
rCold   + . .      Faith    .   (shield currently unavailable)
rNeg    + + +      Spirit   .   z - +3 scale mail {rF+}
rPois   ∞          Reflect  .   (no helmet)
rElec   .          Harm     .   (no cloak)
rCorr   .          Rampage  .   t - +0 pair of gloves
Will    .....                   (no boots)
Stlth   +.........              (no amulet)
HPRegen 0.00/turn               l - +4 ring of slaying
MPRegen 0.12/turn               (no ring)

@: inhibited regen
A: claws 1, clumsy 1, cold resistance 1, negative energy resistance 3, inhibited
regeneration, torment resistance 2, inability to train dodging
a: Renounce Religion


You were on level 8 of the Dungeon.
You worshipped Ru.
Ru was aware of your devotion.
You visited 2 branches of the dungeon, and saw 9 of its levels.
You also visited: Sewer.

You collected 539 gold pieces.

Inventory:

Hand Weapons
 a - a +0 mace
 f - a +2 whip of draining
 h - a +2 war axe of freezing
 m - a +2 whip of venom
 r - a +2 hand axe of flaming
 y - a +3 vorpal dire flail (weapon)
 E - a +2 morningstar of protection
Missiles
 v - a throwing net (quivered)
 F - 4 silver boomerangs
Armour
 d - a +0 tower shield
 t - a +0 pair of gloves (worn)
 u - +0 steam dragon scales
 x - a +2 ring mail of willpower
 z - a +3 scale mail of fire resistance (worn)
Jewellery
 l - a +4 ring of slaying (left hand)
 n - a ring of magical power
 C - a ring of ice
 D - an amulet of magic regeneration
Wands
 i - a wand of polymorph (6)
 B - a wand of charming (10)
Scrolls
 e - a scroll of fear
 j - 2 scrolls of blinking
 k - 3 scrolls of fog
 o - a scroll of summoning
 p - 2 scrolls of teleportation
 A - 3 scrolls of amnesia
Potions
 b - 2 potions of brilliance
 c - 3 potions of heal wounds
 g - a potion of magic
 q - a potion of experience {unknown}
 s - 4 potions of curing


   Skills:
 + Level 8.5 Fighting
 + Level 5.8(8.7) Axes
 + Level 10.0(10.6) Maces & Flails
 + Level 8.0 Armour
 + Level 3.7 Stealth
 + Level 0.1 Evocations


You had 10 spell levels left.
You didn't know any spells.
Your spell library contained the following spells:

 Spells                   Type           Power      Damage    Failure   Level
 Stone Arrow              Conj/Erth      0%         3d7       99%         3
 Animate Armour           Summ/Erth      0%         N/A       100%        4
 Conjure Ball Lightning   Conj/Air       0%         3x3d6     100%        6
 Discord                  Hex            0%         N/A       100%        8
 Disjunction              Tloc           0%         N/A       100%        8
 Lehudib's Crystal Spear  Conj/Erth      0%         10d2      100%        8


Dungeon Overview and Level Annotations

Branches:
Dungeon (8/15)             Temple (1/1) D:5            Lair (0/6) D:8
  Sewer (visited)

Altars:
Ashenzari
Cheibriados
Dithmenos
Elyvilon
Fedhas
Gozag
Hepliaklqana
Kikubaaqudgha
Makhleb
Nemelex Xobeh
Okawaru
Qazlal
Ru
Sif Muna
Trog
Uskayaw
Vehumet
Wu Jian
Xom
Yredelemnul
Zin
The Shining One

Shops:
D:5 *


Innate Abilities, Weirdness & Mutations

You thrive by killing the living.
You are immune to poison.
You have sharp fingernails.
You are clumsy. (Dex -2)
Your flesh is cold resistant. (rC+)
You are immune to negative energy. (rN+++)
You do not regenerate when monsters are visible.
You are immune to unholy pain and torment.
You cannot train Dodging skill.


Message History

Aim: a two-headed ogre, wielding a +0 giant spiked club and a +0 giant club (severely wounded, chance to affect: 28%)
The two-headed ogre is charmed.
The orc warrior hits your two-headed ogre with a +0 dire flail!
Your two-headed ogre hits the orc warrior with a +0 giant spiked club!!
The orc warrior dies!
What are your orders? t - Shout!
Orders for allies: a - Attack new target. p - Attack previous target. r - Retreat! s - Stop attacking. g - Guard the area. f - Follow me.
Anything else - Cancel.
Guard this area!
There is a large open door, spattered with blood here.
The troll misses you. The troll claws you!
* * * LOW HITPOINT WARNING * * *
The troll closely misses you.
Things that are here:
a +0 dagger; a +0 robe
As you read the scroll of fear, it crumbles to dust.
You assume a fearsome visage.
The troll looks frightened!
The troll gives up.
Cornered, the troll turns to fight!
There is an open door here.
You see here a +0 flail.
As you close the door, it creaks loudly!
You start resting.
A troll opens the door.
A troll is nearby!
As you read the scroll of fear, it crumbles to dust.
You assume a fearsome visage.
The troll looks frightened!
There is an open door here.
Things that are here:
a +0 club; 8 poisoned darts The centaur shouts!
The centaur wields a +0 shortbow.
The centaur shoots an arrow.
The arrow hits you but does no damage.
The centaur shoots an arrow.
The arrow hits you!
* * * LOW HITPOINT WARNING * * *
The centaur shoots an arrow.
The arrow hits you.
You die...

≈≈≈≈≈≈≈≈≈≈≈.............####.....
≈≈≈≈≈≈≈≈≈..####.........#..#.....
..≈≈≈≈≈≈≈..#).#..####...#..#...##
..≈≈≈≈≈≈...#..#..#..#...##'#...#.
..≈≈≈≈≈≈...#..#..#..#..........#.
..≈≈≈≈≈....##'#..#'##..........#'
...≈≈≈≈..........................
................)................
...............)@..)......⌠...###
...≈≈≈≈..........##)#.........#..
...≈≈≈≈..........#))#.........#..
...≈≈≈≈..........#..#.........#..
...≈≈≈≈....#c##..####.........'..
##.≈≈≈≈....#..#...............###
.##≈≈≈≈....#..#...............)).
..##≈≈≈....####......##'#....))).
...#≈≈≈..............#.)#........


You could see a centaur.

Vanquished Creatures
  3 manticores (D:8)
  Maggie (D:6)
  A troll (D:8)
  A merfolk (D:8)
  Prince Ribbit (D:6)
  Grinder (D:6)
  A wraith (D:6)
  2 wyverns (D:8)
  A yak (D:8)
  A steam dragon (D:8)
  Menkaure (D:5)
  Edmund (D:5)
  3 water moccasins
  2 orc warriors (D:8)
  Purgy (Sewer)
  5 black bears (D:8)
  2 ice beasts
  A necrophage (D:5)
  A hornet zombie (D:7)
  An ogre (D:4)
  7 centaurs
  3 phantoms
  3 kobold brigands
  A wyvern zombie (D:7)
  8 bullfrogs
  A scorpion (D:6)
  A wyvern skeleton (D:7)
  4 wights (D:6)
  6 electric eels (D:8)
  2 bullfrog zombies
  2 centaur zombies
  A jelly (D:5)
  4 orc priests
  3 centaur skeletons
  3 hounds
  A gnoll shaman (D:7)
  An iguana (D:7)
  Ijyb (D:5)
  7 orc wizards
  A hound skeleton (D:4)
  8 adders
  5 gnolls
  A shadow imp (D:7)
  A white imp (D:8)
  3 ufetubi
  A worm (D:2)
  24 orcs
  6 ball pythons
  4 bats
  4 endoplasms
  4 giant cockroaches
  5 hobgoblins
  6 jackals
  12 kobolds
  3 quokkas
  14 frilled lizards
  5 goblins
  7 rats
204 creatures vanquished.

Vanquished Creatures (collateral kills)
  An orc warrior (D:8)
1 creature vanquished.

Vanquished Creatures (others)
  A two-headed ogre (D:8)
  A bullfrog (D:8)
  An orc priest (D:8)
  45 plants (D:8)
48 creatures vanquished.

Grand Total: 253 creatures vanquished

Notes
Turn   | Place    | Note
-------+----------+-------------------------------------------
     0 | D:1      | Malachi the Ghoul Monk began the quest for the Orb.
     0 | D:1      | Reached XP level 1. HP: 19/19 MP: 0/0
   170 | D:1      | Reached XP level 2. HP: 16/26 MP: 1/1
   293 | D:1      | Reached skill level 3 in Maces & Flails
   465 | D:1      | Reached XP level 3. HP: 31/31 MP: 2/2
  1106 | D:2      | Reached XP level 4. HP: 40/40 MP: 3/3
  1484 | D:2      | Found a blossoming altar of Fedhas.
  1951 | D:3      | Found a glowing drain.
  1977 | Sewer    | Entered a sewer
  2004 | Sewer    | Noticed Purgy
  2031 | Sewer    | Killed Purgy
  2032 | Sewer    | Reached skill level 4 in Maces & Flails
  2032 | Sewer    | Reached skill level 1 in Armour
  2032 | Sewer    | Reached XP level 5. HP: 26/46 MP: 4/4
  2495 | D:3      | Reached XP level 6. HP: 45/52 MP: 5/5
  3706 | D:4      | Found a shimmering altar of Xom.
  4028 | D:4      | Reached skill level 1 in Axes
  4028 | D:4      | Reached XP level 7. HP: 29/60 MP: 6/6
  4528 | D:5      | Entered Level 5 of the Dungeon
  4528 | D:5      | Found Hehapino's Elemental Accessories.
  4700 | D:5      | Found an iron altar of Okawaru.
  4703 | D:5      | Found an ornate altar of the Wu Jian Council.
  4703 | D:5      | Found a basalt altar of Yredelemnul.
  4815 | D:5      | Found a shimmering blue altar of Sif Muna.
  5284 | D:5      | Noticed Menkaure
  5287 | D:5      | Killed Menkaure
  5288 | D:5      | Reached XP level 8. HP: 59/67 MP: 7/7
  5437 | D:5      | Found a staircase to the Ecumenical Temple.
  5479 | D:5      | Noticed Ijyb
  5481 | D:5      | Reached skill level 5 in Fighting
  5562 | D:5      | Killed Ijyb
  5970 | D:5      | Noticed Edmund
  5976 | D:5      | Killed Edmund
  6418 | Temple   | Entered the Ecumenical Temple
  6500 | Temple   | Became a worshipper of Ru the Awakened
  6528 | Temple   | Gained mutation: You cannot train Dodging skill. [Ru
                  | sacrifice]
  6528 | Temple   | Reached * piety under Ru
  6841 | D:6      | Reached skill level 5 in Axes
  6902 | D:6      | Found a shadowy altar of Dithmenos.
  7411 | D:6      | Noticed Prince Ribbit
  7418 | D:6      | Killed Prince Ribbit
  7419 | D:6      | Reached skill level 5 in Maces & Flails
  7419 | D:6      | Reached XP level 9. HP: 63/75 MP: 8/8
  7505 | D:6      | Reached skill level 5 in Armour
  7507 | D:6      | Noticed Maggie
  7522 | D:6      | Killed Maggie
  7655 | D:6      | Noticed Grinder
  7674 | D:6      | Killed Grinder
  7675 | D:6      | Reached skill level 6 in Maces & Flails
  8180 | D:6      | Identified the +0 ring mail of Death Resistance {rN+ Dex+4}
  8659 | D:7      | Reached skill level 7 in Maces & Flails
  8989 | D:7      | Reached XP level 10. HP: 73/84 MP: 9/9
  9761 | D:8      | Reached skill level 8 in Maces & Flails
 10377 | D:8      | Found a staircase to the Lair.
 10614 | D:8      | Gained mutation: You are clumsy. (Dex -2) [Ru sacrifice]
 10743 | D:8      | Noticed a two-headed ogre
 10746 | D:8      | Killed a two-headed ogre
 10936 | D:8      | Found a broken altar of Ashenzari.
 11335 | D:8      | Reached skill level 9 in Maces & Flails
 11610 | D:8      | Noticed a manticore
 11621 | D:8      | Killed a manticore
 11622 | D:8      | Reached XP level 11. HP: 55/94 MP: 10/10
 12207 | D:8      | Noticed a manticore
 12215 | D:8      | Killed a manticore
 12622 | D:8      | Noticed a manticore
 12630 | D:8      | Killed a manticore
 12771 | D:8      | Reached skill level 10 in Maces & Flails
 12971 | D:8      | Noticed a two-headed ogre
 13462 | D:8      | HP: 4/95 [centaur/arrow (8)]
 13463 | D:8      | Shot with an arrow by a centaur

Illustrated notes

Levels and vault maps discovered:
D:1:      doesnt_arrival_eight_statues, layout_loops_ring
D:2:      layout_basic, basic_altar, serial_forest,
          infiniplex_forest_straight_4, infiniplex_forest_pool,
          infiniplex_forest_lined_room_3, infiniplex_forest_clump_long,
          infiniplex_forest_straight_4, infiniplex_forest_clump_small,
          infiniplex_forest_clump_curved, serial_bayou_crossing
D:3:      layout_rooms, cheibrodos_sewer_entry_drain
D:4:      layout_rooms, tso_altar, lemuel_round_altar
D:5:      layout_gridville, nicolae_overflow_quartered_altars, temple_green,
          serial_co_window_serial, co_window_corner_a, co_window_corner_a,
          co_window_paths_a, co_window_paths_a, co_window_paths_b,
          co_window_2corner, co_window_paths_c, co_window_of_opportunity_b,
          co_window_cross_2, co_window_unsneaky_path_e,
          co_window_of_opportunity_c, co_window_2corner, co_window_sun,
          glass_columns_a, glass_columns_b, glass_columns_a,
          nicolae_elemental_shop, uniq_menkaure, uniq_ijyb, uniq_edmund
D:6:      minmay_chambers_of_fours, layout_basic,
          mainiacjoe_overflow_surrounded_room, uniq_grinder, uniq_maggie,
          uniq_prince_ribbit1
D:7:      layout_basic
D:8:      kennysheep_town
Temple:   regret_index_temple_waves

Skill      XL: |  1  2  3  4  5  6  7  8  9 10 11 |
---------------+----------------------------------+-----
Maces & Flails | 3 4 5 7 9 10 | 10.0
Dodging        | 3 0 |  0.0
Stealth        | 3 |  3.7
Fighting       | 4 5 6 8 |  8.5
Armour         | 1 2 3 4 6 7 8 |  8.0
Axes           | 1 4 5 |  5.8
Evocations     | |  0.1

Action                   |  1- 3 |  4- 6 |  7- 9 | 10-12 || total
-------------------------+-------+-------+-------+-------++-------
Melee: Mace              |    22 |       |       |       ||    22
       Whip              |    43 |   142 |       |       ||   185
       War axe           |       |    41 |    58 |       ||    99
       Dire flail        |       |       |   145 |   251 ||   396
Invok: Sacrifice Nimblen |       |       |     1 |       ||     1
       Sacrifice Purity  |       |       |       |     1 ||     1
Evoke: Wand              |       |     1 |       |     4 ||     5
  Use: Scroll            |       |     5 |     7 |     5 ||    17
       Potion            |       |     4 |     5 |     4 ||    13
 Stab: Sleeping          |     5 |       |       |       ||     5
       Invisible         |       |     3 |       |       ||     3
Armor: Robe              |     7 |       |       |       ||     7
       Leather armour    |     1 |    40 |       |       ||    41
       Plate armour      |       |    26 |    45 |       ||    71
       Scale mail        |       |       |    73 |   103 ||   176
Dodge: Dodged            |    35 |   127 |    84 |   108 ||   354

Table legend: (Time is in decaauts)
 A = Elapsed time spent in this place.
 B = Non-inter-level travel time spent in this place.
 C = Inter-level travel time spent in this place.
 D = Time resting spent in this place.
 E = Time spent auto-exploring this place.
 F = Levels seen in this place.
 G = Mean time per level.
                   A        B        C        D        E       F      G
               +--------+--------+--------+--------+--------+-----+--------+
         Total |  13502 |  13000 |    502 |   3893 |   6973 |  10 | 1350.2 |
       Dungeon |  12923 |  12478 |    445 |   3893 |   6645 |   8 | 1615.4 |
        Temple |    184 |    128 |     56 |      0 |     42 |   1 |  184.0 |
         Sewer |    394 |    394 |      0 |      0 |    286 |   1 |  394.0 |
               +--------+--------+--------+--------+--------+-----+--------+

Top non-repeatable levels by time:
     D:8: 3701 daAuts
     D:5: 1994 daAuts
     D:6: 1805 daAuts
     D:3: 1308 daAuts
     D:4: 1162 daAuts
     D:7: 1088 daAuts
     D:2: 989 daAuts
     D:1: 873 daAuts
   Sewer: 394 daAuts
  Temple: 184 daAuts
